 Dungeon Crawl Stone Soup version 0.27-a0-1202-ge72e49191c (webtiles) character file.

Game seed: 14605163994927968369

67293 Armakuni the Cruncher (level 15, 115/115 HPs)
             Began as a Human Artificer on June 1, 2021.
             Was the Champion of the Shining One.
             Quit the game on level 6 of the Lair of Beasts on June 3, 2021.
             The game lasted 01:07:36 (19491 turns).

Armakuni the Cruncher (Human Artificer)            Turns: 19491, Time: 01:07:36

Health: 115/115    AC: 12    Str: 13    XL:     15   Next: 65%
Magic:  14/24      EV: 18    Int: 20    God:    the Shining One [******]
Gold:   1431       SH:  0    Dex: 14    Spells: 3/16 levels left

rFire    + . .     SeeInvis .   b - +0 staff of Battle
rCold    . . .     Faith    .   (no shield)
rNeg     + + +     Spirit   +   c - +1 troll leather armour {Purgy}
rPois    .         Reflect  .   m - +2 helmet {Int+3}
rElec    .         Harm     .   l - +0 cloak
rCorr    .         Rampage  .   e - +0 pair of gloves
Will     +....                  D - +0 pair of boots
Stlth    +.........             G - amulet of guardian spirit
HPRegen  1.29/turn              M - +4 ring of evasion
MPRegen  0.19/turn              F - ring of protection from fire

@: glowing
A: no striking features
a: Renounce Religion, Divine Shield, Cleansing Flame, Summon Divine Warrior,
Brand Weapon With Holy Wrath


You were on level 6 of the Lair of Beasts.
You worshipped the Shining One.
The Shining One was exalted by your worship.
You visited 3 branches of the dungeon, and saw 20 of its levels.
You also visited: Sewer, Gauntlet and Ice Cave.

You collected 1557 gold pieces.
You spent 126 gold pieces at shops.

Inventory:

Hand Weapons
 a - a +9 quarterstaff of freezing
 b - the +0 staff of Battle (weapon)
   (You acquired it on level 12 of the Dungeon)
Armour
 c - a +1 troll leather armour (worn) {Purgy}
 d - the +1 buckler "Ivyexilorph" {+Inv rF- Dex+5 Stlth+}
   (You found it on level 1 of the Lair of Beasts)

   It affects your dexterity (+5).
   It makes you vulnerable to fire.
   It lets you turn invisible.
   It makes you more stealthy.
 e - a +0 pair of gloves (worn)
 l - a +0 cloak (worn)
 m - a +2 helmet of intelligence (worn)
 t - +0 acid dragon scales
 D - a +0 pair of boots (worn)
Jewellery
 z - the ring "Xaih" {Fire rElec Str+4 Dex+2}
   (You found it in a Gauntlet)

   [ring of fire]

   It enhances your fire magic.
   It affects your strength (+4).
   It affects your dexterity (+2).
   It protects you from fire.
   It makes you vulnerable to cold.
   It insulates you from electricity.
 F - a ring of protection from fire (right hand)
 G - an amulet of guardian spirit (around neck)
 I - a +6 ring of intelligence
 M - a +4 ring of evasion (left hand)
 N - a ring of positive energy
Wands
 y - a wand of iceblast (6)
 C - a wand of polymorph (10)
 K - a wand of paralysis (28)
 L - a wand of flame (3)
 S - a wand of acid (13)
Scrolls
 f - 2 scrolls of brand weapon
 h - 3 scrolls of amnesia
 k - 2 scrolls of holy word
 o - 3 scrolls of fog
 p - 10 scrolls of identify
 s - 10 scrolls of teleportation
 u - 4 scrolls of magic mapping
 A - 3 scrolls of noise
 B - 2 scrolls of fear
 H - 4 scrolls of blinking
 O - 2 scrolls of immolation
Potions
 g - 4 potions of brilliance
 i - 3 potions of lignification
 j - 3 potions of cancellation
 n - 8 potions of curing
 q - 4 potions of mutation
 r - 3 potions of heal wounds
 v - a potion of haste
 Q - 3 potions of flight
 R - 2 potions of attraction
Miscellaneous
 w - a phantom mirror
 x - a piece from Xom's chessboard (14/15)
 E - a box of beasts


   Skills:
 - Level 10.0 Fighting
 - Level 14.0 Staves
 - Level 4.6 Armour
 - Level 6.8 Dodging
 - Level 1.0 Stealth
 - Level 1.0 Spellcasting
 - Level 10.4 Conjurations
 + Level 5.7 Earth Magic
 - Level 12.0 Invocations
 - Level 10.0 Evocations


You had 3 spell levels left.
You knew the following spells:

 Your Spells              Type           Power      Damage    Failure   Level
l - Lee's Rapid Deconstr  Erth           12%        3d9*      50%         5
m - Mephitic Cloud        Conj/Pois/Air  22%        N/A       16%         3
w - Passwall              Tmut/Erth      10%        N/A       10%         2
z - Stone Arrow           Conj/Erth      100%       3d13      2%          3

Your spell library contained the following spells:

 Spells                   Type           Power      Damage    Failure   Level
 Sandblast                Erth           48%        2d12      1%          1
 Conjure Flame            Conj/Fire      32%        6-21      8%          3
 Dazzling Flash           Conj/Hex       64%        N/A       8%          3
 Corona                   Hex            1%         N/A       22%         1
 Freeze                   Ice            4%         1d3       22%         1
 Sting                    Tmut/Pois      4%         1d3       22%         1
 Summon Small Mammal      Summ           4%         N/A       22%         1
 Call Imp                 Summ           1%         N/A       32%         2
 Ensorcelled Hibernation  Hex/Ice        2%         N/A       32%         2
 Poisonous Vapours        Pois/Air       2%         N/A       32%         2
 Call Canine Familiar     Summ           1%         N/A       54%         3
 Confusing Touch          Hex            1%         N/A       54%         3
 Frozen Ramparts          Ice            2%         1d2       54%         3
 Gell's Gravitas          Tloc           0%         N/A       54%         3
 Ignite Poison            Fire/Tmut/Pois 1%         N/A       54%         3
 Lesser Beckoning         Tloc           0%         N/A       54%         3
 Ozocubu's Armour         Ice            1%         N/A       54%         3
 Summon Guardian Golem    Hex/Summ       1%         N/A       54%         3
 Tukima's Dance           Hex            1%         N/A       54%         3
 Hailstorm                Conj/Ice       32%        3d8       26%         4
 Petrify                  Tmut/Erth      12%        N/A       54%         4
 Summon Ice Beast         Ice/Summ       1%         N/A       91%         4
 Summon Lightning Spire   Summ/Air       1%         N/A       91%         4
 Alistair's Intoxication  Tmut/Pois      0%         N/A       99%         5
 Metabolic Englaciation   Hex/Ice        0%         N/A       99%         5
 Summon Forest            Summ/Tloc      0%         N/A       99%         5
 Yara's Violent Unravell  Hex/Tmut       0%         3d3       99%         5
 Freezing Cloud           Conj/Ice/Air   11%        6-21      100%        6


Dungeon Overview and Level Annotations

Branches:
Dungeon (13/15)            Temple (1/1) D:5            Lair (6/6) D:10
  Swamp (0/4) Lair:2       Spider (0/4) Lair:2        Slime (0/5) Lair:6
    Orc (0/2) D:12          Sewer (visited)           IceCv (visited)
Gauntlet (visited)
 Vaults: D:13-14

Altars:
Ashenzari
Cheibriados
Dithmenos
Elyvilon
Fedhas
Gozag
Kikubaaqudgha
Makhleb
Nemelex Xobeh
Okawaru
Qazlal
Ru
Sif Muna
Trog
Uskayaw
Vehumet
Wu Jian
Xom
Yredelemnul
Zin
The Shining One
Jiyva

Shops:
D:3 !   D:7 :   D:10 =

Annotations:
Lair:1 1 runed translucent door


Message History

Aiming: Stone Arrow (mildly dangerous; 2% risk of failure)
Press: ? - help, Q - select action, (/) - cycle Shift-Dir - straight line, f - oklob plant
Aim: an oklob plant (haloed, 100% to hit)
You feel a surge of power!
The stone arrow hits the oklob plant!!
The oklob plant is moderately damaged.
Your battlesphere fires!
The barrage of energy hits the oklob plant!
The oklob plant is heavily damaged.
Aiming: Stone Arrow (mildly dangerous; 2% risk of failure)
Press: ? - help, Q - select action, (/) - cycle Shift-Dir - straight line, f/p - oklob plant
Aim: an oklob plant (heavily damaged, ally target, haloed, 100% to hit)
You feel a surge of power!
The stone arrow hits the oklob plant!!
The oklob plant is almost destroyed.
Your battlesphere fires!
The barrage of energy hits the oklob plant.
The oklob plant is almost destroyed.
Aiming: Stone Arrow (mildly dangerous; 2% risk of failure)
Press: ? - help, Q - select action, (/) - cycle Shift-Dir - straight line, f/p - oklob plant
Aim: an oklob plant (almost destroyed, ally target, haloed, 100% to hit)
You feel a surge of power!
The stone arrow hits the oklob plant!
You destroy the oklob plant!
You see here the +1 scale mail of Zin's Hatred {Will+ Regen+}.
Okay, then.
Unknown command.
You now have 1372 gold pieces (gained 12).
Your battlesphere wavers and loses cohesion.
You now have 1393 gold pieces (gained 21).
s - 10 scrolls of teleportation (gained 1)
You now have 1410 gold pieces (gained 17).
You now have 1431 gold pieces (gained 21).
You are no longer corroded.
Okay, then.
Search for what [? for help]? .
Unknown command.
Saving game... please wait.
Welcome back, Armakuni the Human Artificer.
The Shining One says: Lead the forces of light to victory!
Press ? for a list of commands and other information.
Unknown command.
Are you sure you want to abandon this character and quit the game? (Confirm with "yes".)

### # ########.#
######## ####
#.....#..## #.P#....
##.P#
#...[.#...###.......
#...#
#.....#....##.......
##...#
#..@.[#..###........
#P.###
#.....#..####.......
#.PP#
##.....#....##.......
##...#
#....................
...#####
#.#...................
PP..#..#
###.##......##........
......##
####.#.....###.......
......# ####...###..###
##......
......####.#.........###
#......


There were no monsters in sight!

Vanquished Creatures
  A minotaur (Gauntlet)
  2 boulder beetles
  10 hydras
  Harold (D:7)
  A merfolk avatar (Lair:6)
  A centaur warrior (D:10)
  4 two-headed ogres
  2 sea snakes (Lair:6)
  A sixfirhy (Gauntlet)
  A lindwurm (Lair:6)
  15 cane toads
  A necromancer (IceCv)
  Pikel (D:5)
  2 harpies (Lair:6)
  3 manticores
  An ugly thing (D:12)
  2 cyclopes
  4 oklob plants (Lair:6)
  14 elephants
  6 black mambas
  3 ice statues (IceCv)
  6 centaur zombies
  2 unseen horrors (D:11)
  2 gargoyles
  Maggie (D:6)
  Psyche (D:8)
  6 rime drakes
  An efreet (D:13)
  6 ice devils (IceCv)
  16 komodo dragons
  A wind drake (Lair:6)
  Grinder (D:3)
  7 polar bears
  2 trolls
  5 dream sheep
  A hornet (Lair:6)
  6 blink frogs
  11 flying skulls (Gauntlet)
  Sigmund (D:2)
  A vampire (D:11)
  2 wraiths (D:11)
  5 wyverns
  2 shadows
  5 basilisks
  29 yaks
  A fire bat (shapeshifter) (D:13)
  2 fire bats (Lair:2)
  A steam dragon (D:9)
  3 vampire mosquitoes (Lair:2)
  Edmund (D:5)
  3 acid dragons
  18 water moccasins
  Purgy (Sewer)
  A hornet zombie (D:7)
  3 sky beasts
  2 black bears
  An ice beast (D:5)
  2 ogres (D:5)
  18 wolves
  A necrophage (D:5)
  9 centaurs
  2 phantoms
  A lemure (D:5)
  A kobold brigand (Sewer)
  7 scorpions
  12 bullfrogs
  A gnoll sergeant (D:8)
  A water moccasin skeleton (D:6)
  2 troll zombies (D:12)
  3 killer bees
  3 wights (D:9)
  An electric eel (Lair:2)
  A howler monkey (D:9)
  A bullfrog zombie (D:5)
  2 draconian simulacra (IceCv)
  2 jellies
  11 orc priests
  6 hounds
  A bullfrog skeleton (D:5)
  3 gnoll shamans
  Jessica (D:2)
  3 iguanas
  Ijyb (D:3)
  11 orc wizards
  11 hell rats
  2 troll simulacra (IceCv)
  A killer bee zombie (D:4)
  4 ogre zombies (D:12)
  2 centaur simulacra (IceCv)
  A hound skeleton (D:5)
  2 howler monkey zombies
  Robin (D:3)
  11 gnolls
  10 adders
  A naga simulacrum (IceCv)
  3 ogre simulacra (IceCv)
  2 white imps
  4 ufetubi
  An adder skeleton (D:4)
  2 dart slugs (D:2)
  47 orcs
  8 endoplasms
  9 giant cockroaches
  12 goblins
  7 hobgoblins
  2 jackals (D:1)
  6 kobolds
  6 quokkas
  5 ball pythons
  4 bats
  A frilled lizard (Sewer)
  A goblin skeleton (D:12)
  A goblin zombie (D:12)
  2 hobgoblin skeletons (D:12)
  3 hobgoblin zombies (D:12)
  2 orc skeletons (D:12)
  13 orc zombies (D:12)
  3 rats
530 creatures vanquished.

Vanquished Creatures (collateral kills)
  A cyclops (D:12)
  A komodo dragon (Lair:1)
  2 yaks (D:9)
  2 ogre zombies (D:12)
  A hobgoblin skeleton (D:12)
  A hobgoblin zombie (D:12)
  An orc zombie (D:12)
9 creatures vanquished.

Vanquished Creatures (others)
  A steam dragon (D:9)
  5 dream sheep (D:8)
  An acid dragon (D:9)
  A water moccasin (D:5)
  4 killer bees (D:9)
  An adder (D:3)
  28 fungi
  45 plants
  12 toadstools (Lair:1)
98 creatures vanquished.

Grand Total: 637 creatures vanquished

Notes
Turn   | Place    | Note
-------+----------+-------------------------------------------
     0 | D:1      | Armakuni the Human Artificer began the quest for the Orb.
     0 | D:1      | Reached XP level 1. HP: 15/15 MP: 1/1
   200 | D:1      | Reached XP level 2. HP: 9/21 MP: 2/2
  1059 | D:2      | Reached XP level 3. HP: 27/27 MP: 3/3
  1303 | D:2      | Reached XP level 4. HP: 32/33 MP: 4/4
  1489 | D:2      | Noticed Sigmund
  1499 | D:2      | Killed Sigmund
  1500 | D:2      | Reached XP level 5. HP: 41/41 MP: 5/5
  1500 | D:2      | Reached XP level 6. HP: 47/47 MP: 6/6
  1567 | D:2      | Noticed Jessica
  1575 | D:2      | Killed Jessica
  1860 | D:2      | Found a faded altar of an unknown god.
  2054 | D:3      | Found Fairchikh's Distillery.
  2064 | D:3      | Bought a potion of might for 56 gold pieces
  2064 | D:3      | Bought a potion of berserk rage for 70 gold pieces
  2359 | D:3      | Found an iron altar of Okawaru.
  2388 | D:3      | Found a glowing drain.
  2429 | Sewer    | Entered a sewer
  2521 | Sewer    | Reached XP level 7. HP: 26/54 MP: 7/7
  2722 | Sewer    | Noticed Purgy
  2740 | Sewer    | Killed Purgy
  2884 | D:3      | Noticed Grinder
  2904 | D:3      | Killed Grinder
  2905 | D:3      | Reached skill level 5 in Fighting
  2905 | D:3      | Reached XP level 8. HP: 63/63 MP: 8/8
  2973 | D:3      | Noticed Ijyb
  2982 | D:3      | Killed Ijyb
  3101 | D:3      | Noticed Robin
  3152 | D:3      | Killed Robin
  3275 | D:4      | Found a large runed translucent door.
  3276 | D:4      | Found a large runed translucent door.
  3931 | D:4      | Found an opulent altar of Gozag.
  3951 | D:4      | Found a shadowy altar of Dithmenos.
  3980 | D:5      | Entered Level 5 of the Dungeon
  4054 | D:5      | Found a glowing golden altar of the Shining One.
  4081 | D:5      | Found a hide-covered altar of Uskayaw.
  4108 | D:5      | Became a worshipper of the Shining One
  4272 | D:5      | Reached skill level 1 in Staves
  4276 | D:5      | Reached skill level 2 in Staves
  4342 | D:5      | Noticed Pikel
  4361 | D:5      | Killed Pikel
  4362 | D:5      | Reached skill level 5 in Staves
  4362 | D:5      | Reached XP level 9. HP: 46/73 MP: 9/9
  4439 | D:5      | Noticed a two-headed ogre
  4441 | D:5      | Reached skill level 6 in Staves
  4444 | D:5      | Killed a two-headed ogre
  4445 | D:5      | Reached skill level 7 in Staves
  4503 | D:5      | Reached skill level 8 in Staves
  4532 | D:5      | Found a staircase to the Ecumenical Temple.
  4566 | Temple   | Entered the Ecumenical Temple
  5100 | D:6      | Found a radiant altar of Vehumet.
  5140 | D:6      | Noticed Maggie
  5156 | D:6      | Killed Maggie
  5157 | D:6      | Reached XP level 10. HP: 17/80 MP: 10/10
  5243 | D:6      | Reached * piety under the Shining One
  5252 | D:6      | Reached skill level 9 in Staves
  5290 | D:6      | Noticed Edmund
  5331 | D:5      | Killed Edmund
  5488 | D:6      | Reached skill level 10 in Staves
  5874 | D:7      | Found Deyffoppycs's Book Emporium.
  6042 | D:7      | Reached ** piety under the Shining One
  6113 | D:7      | Noticed Harold
  6155 | D:7      | Killed Harold
  6156 | D:7      | Reached skill level 11 in Staves
  6606 | D:8      | Noticed Psyche
  6639 | D:8      | Killed Psyche
  6742 | D:8      | Reached XP level 11. HP: 85/85 MP: 11/13
  6770 | D:8      | Noticed a two-headed ogre
  6783 | D:8      | Killed a two-headed ogre
  7177 | D:8      | Found a shimmering altar of Xom.
  7271 | D:8      | Noticed a manticore
  7283 | D:8      | Killed a manticore
  7284 | D:8      | Reached skill level 12 in Staves
  8184 | D:10     | Entered Level 10 of the Dungeon
  8186 | D:10     | Noticed a centaur warrior
  8276 | D:10     | Killed a centaur warrior
  8301 | D:10     | Found Siashav's Jewellery Shoppe.
  8624 | D:10     | Reached *** piety under the Shining One
  8689 | D:10     | Reached skill level 13 in Staves
  8748 | D:10     | Reached skill level 10 in Fighting
  8748 | D:10     | Reached XP level 12. HP: 86/97 MP: 13/15
  8766 | D:10     | Found a staircase to the Lair.
  8832 | D:10     | Found a burning altar of Makhleb.
  9151 | D:11     | Noticed a two-headed ogre
  9159 | D:11     | Killed a two-headed ogre
  9299 | D:11     | Noticed a two-headed ogre
  9316 | D:11     | Killed a two-headed ogre
  9454 | D:11     | Reached skill level 14 in Staves
  9589 | D:11     | Reached skill level 5 in Dodging
  9597 | D:11     | Reached skill level 5 in Invocations
 10098 | D:12     | Identified a scroll of acquirement
 10100 | D:12     | Acquired the +0 staff of Battle
 10101 | D:12     | Found the +0 staff of Battle
 10105 | D:12     | Found a shadowy altar of Dithmenos.
 10228 | D:12     | Identified the +6 long sword of Extremism {vorpal, +Rage}
 10461 | D:12     | Reached **** piety under the Shining One
 10488 | D:12     | Found a staircase to the Orcish Mines.
 10562 | D:12     | Reached ***** piety under the Shining One
 11103 | Lair:1   | Entered Level 1 of the Lair of Beasts
 11247 | Lair:1   | Noticed a dire elephant
 11247 | Lair:1   | Noticed a dire elephant
 11267 | Lair:1   | Found a runed translucent door.
 11372 | Lair:1   | Noticed a five-headed hydra
 11377 | Lair:1   | Killed a five-headed hydra
 11378 | Lair:1   | Reached XP level 13. HP: 103/103 MP: 18/18
 11515 | Lair:1   | Identified the +1 buckler "Ivyexilorph" {+Inv rF- Dex+5
                  | Stlth+}
 11726 | Lair:1   | Found a sacrificial altar of Ru.
 12015 | Lair:2   | Reached skill level 5 in Evocations
 12107 | Lair:2   | Noticed a boulder beetle
 12132 | Lair:2   | Found a hole to the Spider Nest.
 12133 | Lair:2   | Killed a boulder beetle
 12253 | Lair:2   | Noticed an eight-headed hydra
 12261 | Lair:2   | Killed an eight-headed hydra
 12301 | Lair:2   | Found a frozen archway.
 12308 | IceCv    | Entered an ice cave
 12463 | IceCv    | HP: 5/103 [ice statue/bolt of cold (31)]
 12871 | IceCv    | Reached skill level 10 in Invocations
 13447 | Lair:2   | Found a staircase to the Swamp.
 14170 | Lair:3   | Reached XP level 14. HP: 110/110 MP: 22/22
 14345 | Lair:3   | Reached ****** piety under the Shining One
 15835 | Lair:5   | Reached skill level 10 in Evocations
 15847 | Lair:5   | Learned a level 3 spell: Mephitic Cloud
 15857 | Lair:5   | Reached skill level 1 in Spellcasting
 15857 | Lair:5   | Reached skill level 1 in Conjurations
 16077 | Lair:5   | You fall into a shaft and drop 1 floor!
 16077 | Lair:6   | Entered Level 6 of the Lair of Beasts
 16170 | Lair:6   | Reached skill level 5 in Conjurations
 16197 | Lair:5   | Found a gate leading to a gauntlet.
 16201 | Gauntlet | Entered a Gauntlet
 16201 | Gauntlet | Found a transporter.
 16201 | Gauntlet | Found a transporter.
 16206 | Gauntlet | Found a transporter.
 16221 | Gauntlet | Found a transporter.
 16235 | Gauntlet | Found a transporter.
 16248 | Gauntlet | Found a transporter.
 16343 | Gauntlet | Found a transporter.
 16348 | Gauntlet | Found a transporter.
 16350 | Gauntlet | Found a large runed translucent door.
 16351 | Gauntlet | Found a large runed translucent door.
 16352 | Gauntlet | Found a large runed translucent door.
 16352 | Gauntlet | Found a large runed translucent door.
 16370 | Gauntlet | Found a transporter.
 16377 | Gauntlet | Found a transporter.
 16409 | Gauntlet | Found a large runed translucent door.
 16462 | Gauntlet | Found a transporter.
 16463 | Gauntlet | Found a transporter.
 16464 | Gauntlet | Found a large runed translucent door.
 16465 | Gauntlet | Found a large runed translucent door.
 16466 | Gauntlet | Found a large runed translucent door.
 16466 | Gauntlet | Found a large runed translucent door.
 16466 | Gauntlet | Found a runed translucent door.
 16467 | Gauntlet | Found a large runed translucent door.
 16468 | Gauntlet | Found a large runed translucent door.
 16469 | Gauntlet | Found a large runed translucent door.
 16469 | Gauntlet | Found a large runed translucent door.
 16470 | Gauntlet | Found a runed translucent gate.
 16474 | Gauntlet | Found a runed translucent gate.
 16474 | Gauntlet | Found a transporter.
 16474 | Gauntlet | Found a transporter.
 16482 | Gauntlet | Found a transporter.
 16482 | Gauntlet | Found a transporter.
 16495 | Gauntlet | Found a runed translucent gate.
 16496 | Gauntlet | Found a large runed translucent door.
 16509 | Gauntlet | Found a runed translucent door.
 16510 | Gauntlet | Found a large runed translucent door.
 16593 | Gauntlet | Identified the ring "Xaih" {Fire rElec Str+4 Dex+2}
 16731 | Gauntlet | Noticed a minotaur
 16741 | Gauntlet | Killed a minotaur
 17141 | Lair:5   | Reached XP level 15. HP: 115/115 MP: 24/24
 17783 | Lair:6   | Reached skill level 10 in Conjurations
 17841 | Lair:6   | Learned a level 3 spell: Stone Arrow
 17946 | Lair:6   | Learned a level 5 spell: Lee's Rapid Deconstruction
 17949 | Lair:6   | Learned a level 2 spell: Passwall
 17949 | Lair:6   | Upgraded the game from 0.27-a0-1200-g94dc6ad4cf to
                  | 0.27-a0-1202-ge72e49191c
 17992 | Lair:6   | Reached skill level 1 in Earth Magic
 18906 | Lair:6   | Found a viscous altar of Jiyva.
 18907 | Lair:6   | Found a staircase to the Slime Pits.
 18949 | Lair:6   | Reached skill level 5 in Earth Magic
 19111 | Lair:6   | Identified the Handbook of Venom and the Compass
 19474 | Lair:6   | Identified the +1 scale mail of Zin's Hatred {Will+ Regen+}
 19491 | Lair:6   | Quit the game

Illustrated notes

Levels and vault maps discovered:
D:1:      dpeg_arrival_shelter, layout_basic, minmay_surrounded
D:2:      layout_basic, shapermc_ecumenical_altar_notcrosses, uniq_sigmund,
          uniq_jessica
D:3:      layout_rooms, okawaru_trees_1, serial_shops, shop,
          gup_sewer_entry_glass, uniq_grinder, uniq_robin, uniq_ijyb
D:4:      layout_rooms, jmf_multi_god_temple2, chequers_serial_rivers_small_b,
          grunt_decor_clamped
D:5:      layout_basic, old_standard_altar, amcnicky_altar_gilded,
          minmay_temple_entry_mini_moons, minmay_hedge_maze, uniq_pikel
D:6:      layout_cave_pools, pf_just_have_faith, serial_bayou_crossing,
          uniq_maggie, uniq_edmund
D:7:      layout_rooms, serial_shops, shop, uniq_harold
D:8:      layout_basic, kb_xom_exploding_sheep, minmay_starry_boxes, uniq_psyche
D:9:      layout_cave_pools, nicolae_overflow_hidden_temple, due_unseen_surprise
D:10:     layout_loops_ring, kennysheep_mini, erik_lair_island, serial_shops,
          shop_statue
D:11:     layout_roguey, kennysheep_generic_room_6
D:12:     layout_long_grid, zombieorc2_lemuel, nicolae_dithmenos_shadow_blocks
D:13:     layout_rooms, zin_statuary, uniq_nessos
Temple:   dshaligram_water_room_temple
Lair:1:   gammafunk_lair_enchanted_lake, layout_hall_layers, basic_altar
Lair:2:   layout_gridlike, minmay_swamp_entry_swarm,
          nicolae_spider_entry_non_spiders, portal_ice_cave_rime
Lair:3:   layout_regular_city, infiniplex_staircase_pool, lemuel_fruit_tree
Lair:4:   layout_big_grid, grunt_megastairs_2
Lair:5:   layout_big_grid, gauntlet_entry_generic,
          cheibrodos_lair_caveside_slide, st_stairs_11
Lair:6:   gammafunk_lair_ancient_temple, layout_cave_pods,
          dpeg_slime_entry_enclosed_altar, minmay_lair_oklob_chamber

Skill      XL: |  1  2  3  4  5  6  7  8  9 10 11 12 13 14 15 |
---------------+----------------------------------------------+-----
Fighting       | 2 3 4 5 7 10 | 10.0
Dodging        | 2 3 4 6 |  6.8
Armour         | 3 4 |  4.6
Staves         | 5 8 11 13 14 | 14.0
Invocations    | 2 4 7 10 12 | 12.0
Evocations     | 4 8 10 | 10.0
Spellcasting   | 1 |  1.0
Conjurations   | 7 10 | 10.4
Earth Magic    | 5 |  5.7
Stealth        | |  1.0

Action                   |  1- 3 |  4- 6 |  7- 9 | 10-12 | 13-15 || total
-------------------------+-------+-------+-------+-------+-------++-------
Melee: Dagger            |    45 |   122 |   238 |       |       ||   405
       Club              |     2 |       |       |       |       ||     2
       Scythe            |       |       |    17 |       |       ||    17
       Quarterstaff      |       |       |   101 |   730 |  1089 ||  1920
       Staff             |       |       |       |       |    34 ||    34
Throw: Stone             |     8 |       |       |       |       ||     8
       Boomerang         |    28 |     5 |     1 |       |       ||    34
       Dart              |       |       |     3 |     2 |       ||     5
       Throwing net      |       |       |       |     1 |     5 ||     6
 Cast: Stone Arrow       |       |       |       |       |    39 ||    39
       Mephitic Cloud    |       |       |       |       |     1 ||     1
Invok: Divine Shield     |       |       |       |     6 |    19 ||    25
       Cleansing Flame   |       |       |       |       |     8 ||     8
Evoke: Wand              |     9 |     4 |    15 |    33 |    43 ||   104
       Piece from Xom's  |     4 |     7 |     6 |    14 |     1 ||    32
  Use: Scroll            |     2 |     5 |     3 |    12 |    11 ||    33
       Potion            |       |       |     3 |     8 |     1 ||    12
 Stab: Petrified         |     3 |       |     6 |       |       ||     9
       Paralysed         |     2 |     5 |       |       |       ||     7
       Petrifying        |       |       |     1 |       |       ||     1
       Sleeping          |       |       |     1 |       |       ||     1
Armor: Leather armour    |     7 |       |       |       |       ||     7
       Ring mail         |     4 |    39 |     9 |       |       ||    52
       Skin              |       |       |     4 |       |       ||     4
       Troll leather arm |       |       |    72 |   185 |   191 ||   448
Dodge: Dodged            |    33 |    64 |   226 |   455 |   624 ||  1402
Block: Other             |       |       |       |    27 |   160 ||   187

Table legend: (Time is in decaauts)
 A = Elapsed time spent in this place.
 B = Non-inter-level travel time spent in this place.
 C = Inter-level travel time spent in this place.
 D = Time resting spent in this place.
 E = Time spent auto-exploring this place.
 F = Levels seen in this place.
 G = Mean time per level.
                   A        B        C        D        E       F      G
               +--------+--------+--------+--------+--------+-----+--------+
         Total |  18935 |  18313 |    622 |   2287 |  10692 |  23 |  823.3 |
       Dungeon |  10407 |   9957 |    450 |    983 |   6109 |  13 |  800.5 |
        Temple |     90 |     70 |     20 |      0 |     69 |   1 |   90.0 |
          Lair |   6747 |   6596 |    151 |    755 |   4137 |   6 | 1124.5 |
         Sewer |    429 |    429 |      0 |    233 |     87 |   1 |  429.0 |
      Ice Cave |    748 |    748 |      0 |    290 |     17 |   1 |  748.0 |
      Gauntlet |    511 |    511 |      0 |     26 |    273 |   1 |  511.0 |
               +--------+--------+--------+--------+--------+-----+--------+

Top non-repeatable levels by time:
  Lair:6: 2264 daAuts
  Lair:2: 1120 daAuts
     D:5: 1055 daAuts
     D:8: 1054 daAuts
     D:1: 1026 daAuts
     D:2: 1012 daAuts
  Lair:3: 898 daAuts
     D:3: 890 daAuts
    D:12: 890 daAuts
    D:11: 865 daAuts
  Lair:1: 855 daAuts
    D:10: 831 daAuts
  Lair:5: 808 daAuts
  Lair:4: 799 daAuts
   IceCv: 748 daAuts
